 Dungeon Crawl Stone Soup version 0.32-a0-913-g739538afd8 (webtiles) character file.

Game seed: 3672259177128400377

71029 Biggs the Brawler (level 15, -8/112 HPs)
             Began as an Octopode Shapeshifter on Apr 9, 2024.
             Was the Champion of Wu Jian.
             Mangled by a jumping spider (14 damage)
             ... on level 1 of the Spider Nest.
             The game lasted 00:49:51 (25500 turns).

Biggs the Brawler (Octopode Shapeshifter)          Turns: 25500, Time: 00:49:52

Health: -8/112     AC:  1    Str: 19    XL:     15   Next: 35%
Magic:  15/15      EV: 22    Int: 14    God:    Wu Jian [******]
Gold:   1559       SH:  0    Dex: 12    Spells: 14/14 levels left

rFire   . .          .
                       - Unarmed
rCold   + + .        (shield currently unavailable)
rNeg    . . .        (helmet restricted)
rPois   .            P - amulet of reflection
rElec   .            i - ring of protection from cold
rCorr   +            F - +5 ring of evasion
SInv    +            H - ring of protection from cold
Will    ++...        I - ring of resist corrosion
Stlth   +            U - +4 ring of slaying
HPRegen 0.38/turn    O - ring of see invisible
MPRegen 0.14/turn    (no ring)
                     (no ring)

%: reflection
@: confused, lethally poisoned (-8 -> -56), flux-form, enlightened, flying,
glowing
A: glow, contaminating, almost no armour, amphibious, 8 rings, camouflage 1,
gelatinous body 1, (nimble swimmer 1), tentacles
a: Begin Untransformation, Renounce Religion, Wall Jump, Serpent's Lash,
Heavenly Storm


You were on level 1 of the Spider Nest.
You worshipped Wu Jian.
Wu Jian was exalted by your worship.
You were something dangerously unstable.
You visited 4 branches of the dungeon, and saw 21 of its levels.
You also visited: Ossuary.

You collected 3002 gold pieces.
You spent 1443 gold pieces at shops.

Inventory:

Missiles
 y - 2 throwing nets (quivered)
Jewellery
 i - a ring of protection from cold (left tentacle)
 w - a ring of magical power
 F - a +5 ring of evasion (right tentacle)
 H - a ring of protection from cold (on tentacle)
 I - a ring of resist corrosion (on tentacle)
 O - a ring of see invisible (on tentacle)
 P - an amulet of reflection (around mantle)
 U - a +4 ring of slaying (on tentacle)
Talismans
 b - a beast talisman
 c - a flux talisman (active)
 Q - a talisman of death
Wands
 e - a wand of flame (8)
 n - a wand of iceblast (11)
 D - a wand of mindburst (13)
 K - a wand of charming (8)
 L - a wand of digging (11)
 N - a wand of acid (2)
Scrolls
 f - 2 scrolls of enchant armour
 h - 4 scrolls of vulnerability
 k - 4 scrolls of revelation
 l - a scroll of teleportation
 p - a scroll of brand weapon
 r - 2 scrolls of amnesia
 s - 5 scrolls of fear
 t - 2 scrolls of noise
 x - a scroll of torment
 A - 4 scrolls of fog
 G - 2 scrolls of immolation
 M - 3 scrolls of poison
 S - a scroll of enchant weapon
Potions
 a - a potion of cancellation
 d - 3 potions of mutation
 g - 2 potions of invisibility
 m - 2 potions of haste {unknown}
 o - 5 potions of attraction
 q - 2 potions of ambrosia {unknown}
 u - a potion of berserk rage {unknown}
 v - 4 potions of heal wounds
 z - 4 potions of lignification
 B - 2 potions of might {unknown}
 C - 3 potions of magic {unknown}
 E - 5 potions of brilliance
 J - 3 potions of enlightenment
 T - a potion of degeneration {unknown}
Miscellaneous
 j - a lightning rod (4/4)


   Skills:
 + Level 13.7 Fighting
 - Level 3.9 Dodging
 - Level 17.7 Unarmed Combat
 - Level 14.0 Shapeshifting


You had 14 spell levels left.
You didn't know any spells.
Your spell library contained the following spells:

 Spells                   Type           Power      Damage    Failure   Level
 Foxfire                  Conj/Fire      0%         2x1d4     28%         1
 Sandblast                Erth           0%         2d4       28%         1
 Call Imp                 Summ           0%         N/A       41%         2
 Cigotuvi's Dreadful Rot  Necr/Alch/Air  0%         N/A       41%         2
 Sublimation of Blood     Necr           0%         N/A       41%         2
 Inner Flame              Hex/Fire       0%         N/A       65%         3
 Ozocubu's Armour         Ice            0%         N/A       65%         3
 Stone Arrow              Conj/Erth      0%         3d7       65%         3
 Teleport Other           Tloc           0%         N/A       65%         3
 Tukima's Dance           Hex            0%         N/A       65%         3
 Brom's Barrelling Bould  Conj/Erth      0%         2d3       96%         4
 Flame Wave               Conj/Fire      0%         2d4       96%         4
 Ignite Poison            Fire/Alch      0%         N/A       96%         4
 Leda's Liquefaction      Alch/Erth      0%         N/A       96%         4
 Passage of Golubria      Tloc           0%         N/A       96%         4
 Petrify                  Alch/Erth      0%         N/A       96%         4
 Sticky Flame             Fire/Alch      0%         2d4       96%         4
 Borgnjor's Vile Clutch   Necr/Erth      0%         N/A       100%        5
 Freezing Cloud           Conj/Ice/Air   0%         6-21      100%        5
 Metabolic Englaciation   Hex/Ice        0%         N/A       100%        5
 Summon Forest            Summ/Tloc      0%         N/A       100%        5
 Summon Mana Viper        Hex/Summ       0%         N/A       100%        5
 Yara's Violent Unravell  Hex/Alch       0%         3d3       100%        5
 Dispersal                Tloc           0%         N/A       100%        6
 Gell's Gavotte           Tloc           0%         2d(11-16) 100%        6
 Plasma Beam              Fire/Air       0%         2x1d10    100%        6
 Starburst                Conj/Fire      0%         6d3       100%        6
 Summon Cactus Giant      Summ           0%         N/A       100%        6
 Manifold Assault         Tloc           0%         N/A       100%        7
 Summon Hydra             Summ           0%         N/A       100%        7
 Disjunction              Tloc           0%         N/A       100%        8
 Lehudib's Crystal Spear  Conj/Erth      0%         10d2      100%        8


Dungeon Overview and Level Annotations

Branches:
Dungeon (13/15)            Temple (0/1) D:7            Lair (5/5) D:10
  Swamp (0/4) Lair:2       Spider (1/4) Lair:2        Slime (0/5) Lair:4
    Orc (2/2) D:10            Elf (0/3) Orc:2       Ossuary (visited)
 Vaults: D:13-14

Altars:
Cheibriados
Fedhas
Gozag
Kikubaaqudgha
Nemelex Xobeh
Okawaru
Qazlal
Ru
Uskayaw
Vehumet
Wu Jian
Xom
The Shining One
Lugonu

Shops:
D:1 ?   D:4 (   D:5 [   D:10 :   D:11 :   D:12 [   D:13 ?   Orc:1 *
Orc:2 [(=*

Portals:
Abyss: Lair:5

Annotations:
D:4 2 transporters, DeathSocks's ghost, amateur MDNe
D:5 1 transporter
D:6 2 transporters, Posi's ghost, novice GnRe
D:11 3 runed translucent doors, Behavioral's ghost, journeyman SpAl
Lair:3 Rupert


Innate Abilities, Weirdness & Mutations

You are something dangerously unstable.
You glow with magical radiation, making you easy to see and hit.
Foes you strike become dangerously contaminated with magical radiation.
You are incapable of wielding weapons or throwing items.
You cannot wear most types of armour.
You are amphibious.
You can wear up to eight rings at the same time.
Your skin changes colour to match your surroundings (Stealth+).
Your rubbery body absorbs attacks. (AC +1, EV +1)
((You are camouflaged when in or above water. (Stealth+)))
You have tentacles for arms and can constrict up to eight enemies at once.


Message History

You feel extremely sick. You block the redback's attack.
The tarantella touches you!
You are afflicted by dizzying energies!
You are confused.
The redback misses you.
Unknown command.
You barely miss the tarantella. Your squeeze misses the tarantella.
You feel very sick.
The jumping spider leaps!
The tarantella touches you!
You are afflicted by dizzying energies!
You are more confused.
The redback closely misses you.
The orb spider spins a strand of pure energy.
Unknown command.
Unknown command.
Unknown command.
You bump into the rock wall.
You feel very sick. The redback bites you!
* * * LOW HITPOINT WARNING * * *
You are more poisoned.
The redback poisons you! The tarantella barely misses you.
The jumping spider misses you. The jumping spider barely misses you.
The jumping spider closely misses you. The jumping spider barely misses you.
The redback misses you. The tarantella misses you.
Unknown command.
Unknown command.
Unknown command.
You are too confused!
Unknown command.
You are too confused!
Unknown command.
It was a potion of enlightenment.
You feel very buoyant.
You fly up into the air.
* * * LOW HITPOINT WARNING * * *
You feel extremely sick.
The jumping spider leaps!
The redback barely misses you. The tarantella misses you.
The jumping spider pounces on you!
You die...

.###.....#
..#......##
.#
..........#
.#
.......#..#
.#
......##..##
##.#
.....####..##
#.. .....#
##..####s#
.^..##
##s.##..#
#####
##..#sp#
##..s#s....#
###°#.....#
##...°..#
^.....#
#..s.## .####
#. ..


You could see an orb spider (charged, contam), 2 jumping spiders, a tarantella
and a redback (heavy contam).

Vanquished Creatures
  An orc warlord (Orc:2)
  An eleionoma (Lair:2)
  Josephine (D:10)
  A hydra (Lair:3)
  Erica (D:10)
  Harold (Orc:1)
  A catoblepas (Lair:2)
  A two-headed ogre (D:9)
  5 boulder beetles
  4 death yaks (Lair:2)
  3 orc high priests (Orc:2)
  4 thrashing horrors (Lair:5)
  Urug (D:11)
  Nergalle (Orc:1)
  A skyshark (Lair:5)
  3 large abominations (Lair:5)
  An obsidian bat (Orc:2)
  2 orc knights (Orc:2)
  A manticore (shapeshifter) (Lair:5)
  2 manticores
  2 ugly things (D:13)
  3 orc sorcerers (Orc:2)
  23 elephants
  3 kobold blastminers (Orc:2)
  4 cyclopes
  Joseph (D:8)
  A smoke demon (Lair:5)
  3 black mambas
  16 cane toads
  2 gargoyles (D:13)
  A kobold demonologist (D:12)
  16 komodo dragons
  A rime drake (Lair:5)
  7 trolls
  Prince Ribbit (D:8)
  2 jumping spiders (Spider:1)
  2 raiju (Lair:5)
  A hornet (D:11)
  16 blink frogs
  4 dream sheep (Lair:5)
  2 shadows
  2 culicivoras (Spider:1)
  Sigmund (D:6)
  6 wraiths
  2 wyverns
  A ynoxinul (Lair:5)
  27 yaks
  2 vampires
  2 basilisks
  Grum (D:10)
  A human (shapeshifter) (D:13)
  10 redbacks (Spider:1)
  A steam dragon (D:8)
  3 chaos spawn (Lair:5)
  4 wargs
  4 vampire mosquitoes (D:12)
  13 small abominations (Lair:5)
  An acid dragon (D:11)
  16 water moccasins
  21 orc warriors
  2 sky beasts
  5 ogres
  2 black bears
  11 wolves
  5 centaurs
  3 phantoms
  2 kobold brigands
  3 gnoll sergeants
  5 bullfrogs
  A scorpion (D:6)
  13 wights
  20 killer bees
  3 jellies
  4 electric eels
  4 howler monkeys
  A lava snake (D:8)
  6 bombardier beetles
  10 hounds
  A sleepcap (D:6)
  A human skeleton (D:6)
  12 orc priests
  A gnoll bouda (D:3)
  2 human zombies (D:6)
  2 iguanas
  16 orc wizards
  8 mummies (Ossuary)
  16 gnolls
  8 adders
  3 white imps
  A ribbon worm (D:4)
  2 dart slugs (D:2)
  59 orcs
  12 endoplasms
  4 giant cockroaches
  4 goblins
  7 hobgoblins
  4 jackals (D:3)
  5 quokkas
  5 ball pythons
  4 bats
  A frilled lizard (D:1)
  A gnoll zombie (Ossuary)
  4 hobgoblin zombies (Ossuary)
  13 kobolds
  2 orc skeletons (D:6)
  4 orc zombies
  7 rats
574 creatures vanquished.

Notes
Turn   | Place    | Note
-------+----------+-------------------------------------------
     0 | D:1      | Biggs the Octopode Shapeshifter began the quest for the
                  | Orb.
     0 | D:1      | Reached XP level 1. HP: 13/13 MP: 1/1
   167 | D:1      | Reached XP level 2. HP: 18/18 MP: 2/2
   190 | D:1      | Found Egen Qav's Magic Scroll Shoppe.
   274 | D:1      | Found a faded altar of an unknown god.
   657 | D:2      | Reached XP level 3. HP: 23/23 MP: 3/3
  1095 | D:2      | Identified the amulet of Ucuosk {RegenMP+ Stlth+}
  1381 | D:3      | Reached XP level 4. HP: 13/28 MP: 4/4
  1384 | D:3      | Reached skill level 5 in Shapeshifting
  1394 | D:3      | Reached XP level 5. HP: 15/33 MP: 5/5
  1592 | D:3      | Found an ornate altar of the Wu Jian Council.
  1613 | D:3      | Became a worshipper of the Wu Jian Council
  1708 | D:3      | Reached XP level 6. HP: 26/38 MP: 6/6
  1799 | D:3      | Found a sacrificial altar of Ru.
  2105 | D:3      | Found a glowing golden altar of the Shining One.
  2719 | D:4      | Found a transporter.
  2872 | D:4      | Reached * piety under Wu Jian
  3104 | D:4      | Found Barane's Firing Range.
  3107 | D:4      | Reached XP level 7. HP: 35/43 MP: 7/7
  3285 | D:4      | Found a snail-covered altar of Cheibriados.
  3446 | D:4      | Noticed DeathSocks's ghost (amateur MDNe)
  3454 | D:4      | Found a transporter.
  3566 | D:4      | Reached skill level 4 in Unarmed Combat
  3715 | D:4      | Found a radiant altar of Vehumet.
  3774 | D:5      | Entered Level 5 of the Dungeon
  3774 | D:5      | Found Gibuep's Antique Armour Boutique.
  3878 | D:5      | Reached skill level 5 in Unarmed Combat
  4239 | D:5      | Reached skill level 6 in Unarmed Combat
  4251 | D:5      | Found a sparkling altar of Nemelex Xobeh.
  4251 | D:5      | Found a transporter.
  4251 | D:5      | Noticed a wraith
  4251 | D:5      | Noticed a steam dragon
  4321 | D:5      | Reached XP level 8. HP: 41/48 MP: 8/8
  4773 | D:6      | Noticed a troll
  4776 | D:6      | Noticed Sigmund
  4776 | D:6      | Noticed Posi's ghost (novice GnRe)
  4799 | D:6      | Killed Sigmund
  4800 | D:6      | Reached skill level 7 in Unarmed Combat
  4828 | D:6      | Found a transporter.
  4839 | D:6      | Found a transporter.
  4850 | D:6      | Reached ** piety under Wu Jian
  4906 | D:6      | Reached skill level 8 in Unarmed Combat
  4911 | D:6      | HP: 2/48 [phantom (7)]
  5088 | D:6      | Found a sand-covered staircase.
  5120 | Ossuary  | Entered an ossuary
  5421 | D:6      | Reached skill level 9 in Unarmed Combat
  5523 | D:6      | Reached XP level 9. HP: 44/53 MP: 9/9
  5714 | D:6      | Reached *** piety under Wu Jian
  6162 | D:7      | Reached skill level 10 in Unarmed Combat
  6664 | D:7      | Reached skill level 11 in Unarmed Combat
  6936 | D:7      | Found a staircase to the Ecumenical Temple.
  7164 | D:7      | Identified a scroll of acquirement
  7165 | D:7      | Acquired 800 gold pieces
  7181 | D:8      | Found a hide-covered altar of Uskayaw.
  7322 | D:8      | Found an opulent altar of Gozag.
  7334 | D:8      | Noticed Prince Ribbit
  7343 | D:8      | Killed Prince Ribbit
  7401 | D:8      | Found a stormy altar of Qazlal.
  7443 | D:8      | Found an iron altar of Okawaru.
  7724 | D:8      | Reached **** piety under Wu Jian
  7729 | D:8      | Reached skill level 5 in Fighting
  7729 | D:8      | Reached XP level 10. HP: 49/66 MP: 10/10
  7919 | D:8      | Noticed Joseph
  7927 | D:8      | Killed Joseph
  9229 | D:9      | Noticed a two-headed ogre
  9241 | D:9      | Killed a two-headed ogre
  9302 | D:9      | Found a shimmering altar of Xom.
  9766 | D:9      | Reached XP level 11. HP: 61/77 MP: 11/11
 10186 | D:10     | Entered Level 10 of the Dungeon
 10186 | D:10     | Found Olyr's Book Boutique.
 10203 | D:10     | Noticed Erica
 10473 | D:10     | HP: 3/77 [constriction (4)]
 10718 | D:10     | Reached skill level 10 in Shapeshifting
 10725 | D:10     | Reached ***** piety under Wu Jian
 10880 | D:10     | You fall into a shaft and drop 1 floor!
 10919 | D:11     | Found a runed translucent gate.
 11501 | D:11     | Noticed a manticore
 11509 | D:11     | Killed a manticore
 11578 | D:11     | Noticed Urug
 11587 | D:11     | Killed Urug
 11588 | D:11     | Reached skill level 12 in Unarmed Combat
 11757 | D:11     | Found a runed translucent gate.
 11761 | D:11     | Noticed Behavioral's ghost (journeyman SpAl)
 11762 | D:11     | Found a runed translucent gate.
 11763 | D:11     | Noticed a minotaur
 11774 | D:11     | Found Ucviq's Tiny Tomes.
 11856 | D:11     | Noticed a boulder beetle
 11857 | D:11     | Noticed a cyclops
 11869 | D:11     | Killed a boulder beetle
 11872 | D:11     | Killed a cyclops
 12270 | D:12     | Noticed a cyclops
 12284 | D:12     | Killed a cyclops
 12436 | D:12     | Found Bumpam's Antique Armour Emporium.
 12570 | D:12     | Reached skill level 13 in Unarmed Combat
 12800 | D:12     | Noticed a boulder beetle
 12814 | D:12     | Killed a boulder beetle
 12882 | D:12     | Noticed a cyclops
 12891 | D:12     | Killed a cyclops
 12892 | D:12     | Reached XP level 12. HP: 82/82 MP: 12/12
 13262 | D:13     | Noticed a boulder beetle
 13475 | D:13     | Killed a boulder beetle
 13774 | D:13     | Found The Oracle's Delphic Readings.
 13778 | D:13     | Bought 3 scrolls of identify for 84 gold pieces
 13778 | D:13     | Bought 3 scrolls of fear for 168 gold pieces
 13778 | D:13     | Bought a scroll of poison for 56 gold pieces
 13985 | D:10     | Found a blossoming altar of Fedhas.
 13989 | D:10     | Found an ancient bone altar of Kikubaaqudgha.
 14043 | D:10     | Found a staircase to the Lair.
 14566 | D:10     | Found a staircase to the Orcish Mines.
 14795 | D:10     | Noticed Josephine
 14918 | D:10     | Noticed Grum
 14921 | D:10     | Killed Grum
 15205 | Lair:1   | Entered Level 1 of the Lair of Beasts
 16290 | Lair:2   | Noticed a death yak
 16291 | Lair:2   | Noticed a death yak
 16291 | Lair:2   | Noticed a death yak
 16291 | Lair:2   | Noticed a death yak
 16353 | Lair:2   | Killed a death yak
 16354 | Lair:2   | Reached XP level 13. HP: 37/90 MP: 13/13
 16560 | Lair:2   | Reached skill level 10 in Fighting
 16853 | Lair:2   | Reached skill level 14 in Unarmed Combat
 16997 | Lair:2   | Found a staircase to the Swamp.
 16997 | Lair:2   | Noticed an eleionoma
 17002 | Lair:2   | Killed an eleionoma
 17277 | Lair:2   | Found a hole to the Spider Nest.
 17866 | Lair:3   | Reached skill level 15 in Unarmed Combat
 18100 | Lair:3   | Noticed Rupert
 18215 | Lair:4   | Reached ****** piety under Wu Jian
 18602 | Lair:4   | Found a staircase to the Slime Pits.
 19262 | Lair:5   | Entered Level 5 of the Lair of Beasts
 19275 | Lair:5   | Reached skill level 16 in Unarmed Combat
 19439 | Lair:5   | Reached XP level 14. HP: 81/99 MP: 14/14
 20222 | Lair:5   | Reached skill level 17 in Unarmed Combat
 22387 | Lair:5   | Got the Teachings on the Frore Syncline
 22390 | Lair:5   | Found a corrupted altar of Lugonu.
 22390 | Lair:5   | Found a one-way gate to the infinite horrors of the Abyss.
 22766 | Lair:3   | Paralysed by Rupert for 5 turns
 23012 | Lair:3   | You fall into a shaft and drop 2 floors!
 23123 | D:10     | Killed Josephine
 23374 | D:10     | Killed Erica
 23641 | Orc:1    | Entered Level 1 of the Orcish Mines
 23641 | Orc:1    | Noticed Harold
 23643 | Orc:1    | You fall into a shaft and drop 1 floor!
 23643 | Orc:2    | Entered Level 2 of the Orcish Mines
 23796 | Orc:1    | Killed Harold
 23797 | Orc:1    | Reached XP level 15. HP: 97/109 MP: 15/15
 23837 | Orc:1    | Noticed Nergalle
 23844 | Orc:1    | Killed Nergalle
 24059 | Orc:1    | Found Xirghyij's General Store.
 24067 | Orc:1    | Bought a potion of heal wounds for 50 gold pieces
 24067 | Orc:1    | Bought a scroll of identify for 20 gold pieces
 24067 | Orc:1    | Bought a scroll of identify for 20 gold pieces
 24231 | Orc:2    | Found Nush's General Store.
 24231 | Orc:2    | Noticed an orc warlord
 24244 | Orc:2    | Killed an orc warlord
 24271 | Orc:2    | Found Toum's Jewellery Emporium.
 24302 | Orc:2    | Found Kegiem's Antique Weapon Shoppe.
 24321 | Orc:2    | Found Litaisi's Antique Armour Shoppe.
 24330 | Orc:2    | Found a staircase to the Elven Halls.
 24637 | Orc:2    | Bought a ring of see invisible for 165 gold pieces
 24638 | Orc:2    | Bought a talisman of death for 880 gold pieces
 24908 | Spider:1 | Entered Level 1 of the Spider Nest
 25500 | Spider:1 | Mangled by a jumping spider

Illustrated notes

Levels and vault maps discovered:
D:1:      dpeg_arrival_shelter, layout_loops_ring,
          ebering_ecumenical_altar_rust, serial_shops, shop
D:2:      layout_loops_corners
D:3:      layout_basic, tso_metal_star, mainiacjoe_overflow_alcove_2,
          mainiacjoe_overflow_catwalk, kennysheep_generic_room_12
D:4:      layout_loops_ring, nicolae_overflow_hidden_temple,
          cheibrodos_worm_habitat, gammafunk_ghost_gnarly_gnolls,
          nicolae_shop_firing_range
D:5:      layout_gridville, grunt_nemelex_the_gamble, serial_shops,
          nicolae_stop_n_shop_1, feat_on_display
D:6:      layout_loops_ring, nicolae_ossuary_entry_catacombs,
          gammafunk_ghost_arena, uniq_sigmund
D:7:      layout_basic, minmay_temple_entry_statues
D:8:      nicolae_cairo_tiling_large_dashed, layout_basic,
          mainiacjoe_overflow_chevrons, okawaru_gym_becter,
          nicolae_uskayaw_suspiria, mainiacjoe_overflow_alcove_4,
          nicolae_titane, uniq_joseph, uniq_prince_ribbit1
D:9:      layout_cross, kennysheep_mini, dreamdust_wishing_well
D:10:     layout_gridville, grunt_temple_overflow_growth_and_decay,
          erik_lair_island, minmay_orc_entry_guard_dogs, nicolae_stop_n_shop_2,
          kennysheep_nub, nicolae_elevator_lobby_plus, uniq_erica, uniq_grum,
          uniq_josephine
D:11:     layout_stronghold, maelrawn_ghost_gauntlet_escape,
          nicolae_shop_i_like_small_books_too, chequers_serial_rivers_micro_a,
          uniq_urug
D:12:     layout_stronghold, serial_shops, kennysheep_little_box,
          serial_park_tiny_2
D:13:     layout_loops_corners, nicolae_nh_oracle_at_delphi
Lair:1:   layout_cave_pods, minivault_27
Lair:2:   layout_chaotic_city, alex1729_swamp_entry_worm_eleionoma,
          spider_nest_entry_web_field, nicolae_quartered_pool_super,
          minivault_24, hibernation_bobbens, serial_bayou_shore_b
Lair:3:   layout_concentric_octagons, dreamdust_wasp_nest, grunt_megastairs_2,
          uniq_rupert
Lair:4:   layout_loops_ring, slime_entry_1, infiniplex_staircase_pool,
          lemuel_fruit_fields
Lair:5:   hellmonk_lair_end_abyssal_woods, layout_loops_ring,
          nicolae_volcano_entry_hallway
Spider:1: layout_cave_pods
Orc:1:    layout_caves, serial_shops, shop, uniq_nergalle, uniq_harold
Orc:2:    grunt_orc_gardens, layout_caves, grunt_orc_garden, grunt_orc_garden,
          grunt_orc_garden, grunt_orc_garden

Skill      XL: |  1  2  3  4  5  6  7  8  9 10 11 12 13 14 15 |
---------------+----------------------------------------------+-----
Shapeshifting  | 4 5 6 7 9 10 13 14 | 14.0
Unarmed Combat | 6 9 11 13 16 17 | 17.7
Fighting       | 5 8 9 10 12 13 | 13.7
Dodging        | 3 |  3.9

Action                     |  1- 3 |  4- 6 |  7- 9 | 10-12 | 13-15 || total
---------------------------+-------+-------+-------+-------+-------++-------
  Melee: Unarmed           |    59 |   116 |   286 |   594 |   770 ||  1825
         Tentacles         |    10 |    21 |    81 |   188 |   230 ||   530
         Constrict         |     8 |    27 |    81 |   103 |   128 ||   347
         Punch             |     2 |     4 |       |       |       ||     6
 Invoke: Serpent's Lash    |       |       |       |     1 |       ||     1
         Heavenly Storm    |       |       |       |       |     1 ||     1
Ability: Lunge             |       |    12 |    29 |    43 |    50 ||   134
         Whirlwind         |       |       |    50 |   115 |   223 ||   388
  Evoke: Wand              |       |       |       |     4 |       ||     4
    Use: Scroll            |       |     6 |     6 |    12 |     8 ||    32
         Potion            |       |     2 |     2 |       |     5 ||     9
   Stab: Sleeping          |     9 |    11 |     6 |     2 |       ||    28
         Distracted        |       |     1 |       |       |     1 ||     2
 Armour: Skin              |    17 |    58 |    70 |   152 |   166 ||   463
  Dodge: Dodged            |    32 |    33 |   155 |   359 |   366 ||   945
  Block: Other             |       |       |       |    50 |    86 ||   136
         Reflection        |       |       |       |     1 |     2 ||     3
   Form: Flux              |       |       |     1 |       |       ||     1

Table legend: (Time is in decaauts)
 A = Elapsed time spent in this place.
 B = Non-inter-level travel time spent in this place.
 C = Inter-level travel time spent in this place.
 D = Time resting spent in this place.
 E = Time spent auto-exploring this place.
 F = Levels seen in this place.
 G = Mean time per level.
                   A        B        C        D        E       F      G
               +--------+--------+--------+--------+--------+-----+--------+
         Total |  25281 |  24365 |    916 |   2648 |  18162 |  22 | 1149.1 |
       Dungeon |  15408 |  14852 |    556 |   1313 |  11303 |  13 | 1185.2 |
          Lair |   7812 |   7508 |    304 |    984 |   5563 |   5 | 1562.4 |
   Spider Nest |    586 |    586 |      0 |    241 |    302 |   1 |  586.0 |
  Orcish Mines |   1209 |   1153 |     56 |    110 |    795 |   2 |  604.5 |
       Ossuary |    263 |    263 |      0 |      0 |    199 |   1 |  263.0 |
               +--------+--------+--------+--------+--------+-----+--------+

Top non-repeatable levels by time:
  Lair:5: 3375 daAuts
    D:10: 2287 daAuts
     D:8: 2049 daAuts
  Lair:4: 1386 daAuts
     D:7: 1260 daAuts
  Lair:1: 1247 daAuts
     D:4: 1231 daAuts
    D:11: 1196 daAuts
  Lair:2: 1191 daAuts
     D:9: 1190 daAuts
     D:3: 1163 daAuts
    D:12: 1158 daAuts
     D:5: 926 daAuts
     D:6: 919 daAuts
   Orc:2: 866 daAuts
